 Dungeon Crawl Stone Soup version 0.16-a0-3521-gb1b4986 (webtiles) character file.

130 Grim the Insei (level 5, -2/36 HPs)
             Began as an Octopode Monk on Jan 7, 2015.
             Slain by Tyryt0's ghost (5 damage)
             ... on level 3 of the Dungeon.
             The game lasted 00:06:11 (2632 turns).

Grim the Insei (Octopode Monk)                      Turns: 2632, Time: 00:06:11

Health: -2/36      AC:  1    Str: 11    XL:     5   Next: 13%
Magic:  14/14      EV: 13    Int: 12    God:
Gold:   116        SH:  0    Dex: 15    Spells: 0 memorised, 4 levels left

rFire  . . .     SeeInvis .       - Unarmed
rCold  . . .     Clarity  .     (no shield)
rNeg   . . .     SustAb   .     (helmet restricted)
rPois  .         Gourm    .     (no amulet)
rElec  .         Spirit   .     j - ring of magical power
rCorr  .         Warding  .     (no ring)
rMut   .         Stasis   .     (no ring)
MR     .....                    (no ring)
Stlth  +++.......               (no ring)
                                (no ring)
                                (no ring)
                                (no ring)

@: not resistant to hostile enchantments, fairly stealthy
A: almost no armour, amphibious, 8 rings, constrict 8, camouflage 1, gelatinous
body 1
a: no special abilities


You were on level 3 of the Dungeon.
You were not hungry.

You visited 1 branch of the dungeon, and saw 3 of its levels.

You collected 116 gold pieces.

Inventory:

Jewellery
 j - a ring of magical power (left tentacle)
Scrolls
 a - a scroll of remove curse {unknown}
 c - a scroll of amnesia {unknown}
 d - a scroll of teleportation {unknown}
 h - a scroll of identify
Potions
 e - 3 potions of curing
 g - a potion of restore abilities {unknown}
 i - a potion of agility {unknown}
Comestibles
 b - 3 bread rations
 f - a meat ration
 k - 3 chunks of flesh


   Skills:
 - Level 3.0 Fighting
 - Level 3.0 Dodging
 - Level 2.6 Stealth
 + Level 6.2 Unarmed Combat


You had 4 spell levels left.
You didn't know any spells.

Dungeon Overview and Level Annotations

Branches:
Dungeon (3/15)

Altars:

Annotations:
D:3 Tyryt0's ghost, weakling DsFi


Innate Abilities, Weirdness & Mutations

You cannot wear most types of armour.
You are amphibious.
You can wear up to eight rings at the same time.
You can use your tentacles to constrict many enemies at once.
Your skin changes colour to match your surroundings (Stealth).
Your rubbery body absorbs attacks (AC +1).


Message History

Tyryt0's ghost is moderately damaged.
Tyryt0's ghost completely misses you.
You tentacle-slap Tyryt0's ghost.
Tyryt0's ghost is heavily damaged.
Tyryt0's ghost misses you.
You tentacle-slap Tyryt0's ghost.
Your tentacle-slap misses Tyryt0's ghost.
Tyryt0's ghost is heavily damaged.
Tyryt0's ghost hits you!
* * * LOW HITPOINT WARNING * * *
You tentacle-slap Tyryt0's ghost but do no damage.
You squeeze Tyryt0's ghost!
Tyryt0's ghost is severely damaged.
Tyryt0's ghost hits you.
* * * LOW HITPOINT WARNING * * *
You tentacle-slap Tyryt0's ghost but do no damage.
Tyryt0's ghost is severely damaged.
Tyryt0's ghost closely misses you. Tyryt0's ghost hits you.
You die...

#...#### #......## ###
#####..###..# #.#
#.....####..# #.#
#.#####.>..## #.#
########.#####.#######.#
.......†...[##.####.....
#.....#W.##.............
######..@#####..####.....
.........#####.#####.)...
.######........<).....#.#
.........#####....###....
#######...###..##.....>..
#...##....#######.#
#.#.#......# #..#
#.#........# #.##
#.###......# #.#.


You could see Tyryt0's ghost.

Vanquished Creatures
  An orc priest (D:2)
  2 adders (D:2)
  A worm (D:2)
  7 orcs
  7 bats
  6 hobgoblins
  7 jackals
  A ball python (D:2)
  3 giant cockroaches
  A giant gecko (D:2)
  3 giant newts
  13 goblins
  8 kobolds
  7 rats
67 creatures vanquished.

Notes
Turn   | Place    | Note
--------------------------------------------------------------
     0 | D:1      | Grim, the Octopode Monk, began the quest for the Orb.
     0 | D:1      | Reached XP level 1. HP: 16/16 MP: 1/1
   180 | D:1      | Reached XP level 2. HP: 21/21 MP: 2/2
   627 | D:1      | Reached XP level 3. HP: 24/26 MP: 3/3
   736 | D:1      | Reached skill level 5 in Unarmed Combat
  1439 | D:2      | Reached XP level 4. HP: 31/31 MP: 4/4
  1975 | D:2      | Reached skill level 6 in Unarmed Combat
  2344 | D:3      | Reached XP level 5. HP: 36/36 MP: 5/5
  2611 | D:3      | Noticed Tyryt0's ghost (weakling DsFi)
  2632 | D:3      | Slain by Tyryt0's ghost

Action                   |  1- 3 |  4- 6 || total
-------------------------+-------+-------++-------
Melee: Unarmed           |    85 |    60 ||   145
  Use: Scroll            |       |     1 ||     1
 Stab: Sleeping          |     8 |     2 ||    10
  Eat: Chunk             |     2 |     3 ||     5
